Map: Catalyst LE

Players

Impact - Winner!

  • Race: Zerg Zerg
  • Spawn Location: 5:00

Rogue

  • Race: Zerg Zerg
  • Spawn Location: 11:00

Event: IEM Season 12 - Katowice

VOD

Have the link to the VOD?

Description

Time

  • Played on: March 2, 2018, 11:02 a.m.
  • Length: 7:39

All games in this series

Show
View Real Time Build Order
Export as new Build Order

Impact Zerg - Winner!

Build Orders: 1 Base Baneling Bust, Pool First 

Get SALT Encoding   

  12  0:00  Drone  
  13  0:14  Extractor  
  12  0:23  Spawning Pool  
  12  0:28  Drone  
  12  0:33  Drone  
  13  0:37  Drone  
  14  0:48  Overlord  
  14  1:10  Zergling x4  
  16  1:12  Zergling x2  
  16  1:13  Metabolic Boost  
  17  1:22  Zergling x2  
  18  1:32  Zergling x2  
  19  1:34  Baneling Nest  
  18  1:43  Zergling x2  
  20  1:54  Zergling x2  
  20  2:04  Zergling x2  
  21  2:13  Hatchery  
  20  2:17  Zergling x2  
  20  2:20  Baneling  
  20  2:22  Baneling  
  21  2:26  Zergling x2  
  21  2:28  Baneling  
  22  2:38  Overlord  
  19  2:50  Zergling x2  
  18  2:53  Baneling  
  17  3:01  Zergling x2  
  17  3:09  Zergling x2  
  17  3:17  Queen  
  18  3:21  Drone  
  18  3:26  Queen  
  21  3:33  Drone  
  22  3:35  Drone  
  22  3:41  Drone  
  24  3:45  Drone  
  24  3:50  Drone  
  24  3:52  Drone  
  26  4:01  Drone  
  27  4:06  Drone  
  27  4:09  Drone  
  29  4:15  Drone  
  30  4:19  Drone  
  31  4:32  Drone x3  
  31  4:33  Overlord  
  31  4:36  Overlord  
  34  4:47  Baneling  
  34  4:50  Drone  
  34  4:51  Drone  
  34  4:52  Drone x2  
  38  4:56  Drone  
  39  5:03  Roach Warren  
  39  5:05  Drone  
  39  5:09  Drone  
  39  5:10  Drone x2  
  39  5:14  Baneling  
  41  5:15  Lair  
  41  5:18  Drone  
  41  5:20  Evolution Chamber  
  42  5:21  Drone  
  42  5:23  Drone x3  
  42  5:26  Drone x2  
  47  5:29  Extractor x2  
  44  5:38  Drone x4  
  48  5:48  Overlord  
  48  5:49  Overlord  
  48  5:55  Hatchery  
  47  6:00  Roach  
  47  6:01  Roach  
  51  6:06  Overlord x2  
  51  6:10  Roach  
  53  6:12  Roach  
  53  6:15  Glial Reconstitution  
  57  6:18  Roach  
  57  6:22  Roach  
  61  6:25  Roach  
  61  6:26  Roach  
  61  6:30  Roach  
  66  6:32  Roach  
  66  6:35  Roach  
  66  6:38  Roach  
  70  6:40  Overlord x2  
  70  6:44  Roach  
  70  6:46  Roach  
  74  6:49  Roach  
  74  6:52  Roach  
  80  6:54  Roach  
  80  6:57  Roach  
  80  7:00  Roach  
  84  7:03  Roach  
  84  7:07  Roach  
  88  7:10  Roach  
  90  7:16  Overseer  
  90  7:18  Zergling x14  
  90  7:20  Zergling x2  
Show
View Real Time Build Order
Export as new Build Order

Rogue Zerg 

Build Orders: Hatch First 

Get SALT Encoding   

  12  0:00  Drone  
  13  0:12  Overlord  
  13  0:17  Drone  
  14  0:31  Drone x2  
  16  0:49  Hatchery  
  15  0:51  Drone  
  15  0:56  Drone  
  17  1:09  Spawning Pool  
  16  1:12  Drone  
  16  1:15  Drone  
  18  1:19  Drone  
  19  1:26  Extractor  
  19  1:30  Drone  
  19  1:55  Zergling x2  
  19  1:56  Zergling x2  
  19  1:58  Queen  
  19  1:59  Spine Crawler  
  19  2:00  Queen  
  19  2:01  Zergling x2  
  25  2:02  Zergling x2  
  26  2:11  Zergling x4  
  28  2:17  Spine Crawler  
  27  2:24  Zergling x2  
  27  2:29  Overlord  
  22  2:46  Zergling x8  
  21  2:55  Zergling x2  
  21  2:56  Zergling x2  
  9  3:24  Drone  
  10  3:32  Drone  
  11  3:39  Drone  
  12  3:48  Drone  
  13  3:53  Drone  
  14  3:58  Drone  
  15  4:03  Drone  
  16  4:11  Drone  
  17  4:21  Drone x2  
  19  4:29  Drone  
  20  4:33  Queen  
  21  4:42  Drone  
  21  4:50  Drone x2  
  23  4:54  Drone  
  23  4:58  Drone x2  
  26  5:05  Drone  
  27  5:10  Drone  
  24  5:16  Drone  
  25  5:22  Drone  
  25  5:24  Drone  
  27  5:29  Queen  
  27  5:34  Drone  
  30  5:36  Drone  
  30  5:40  Drone  
  31  5:44  Drone x2  
  33  5:50  Lair  
  33  5:52  Extractor  
  33  5:54  Drone  
  33  5:57  Drone  
  34  5:58  Drone  
  34  6:01  Drone  
  36  6:07  Overlord  
  36  6:12  Extractor  
  36  6:14  Extractor  
  36  6:15  Drone x2  
  36  6:17  Overlord  
  36  6:26  Drone x4  
  36  6:27  Drone  
  41  6:38  Drone x3  
  41  6:39  Drone  
  45  6:45  Evolution Chamber  
  44  6:51  Spire  
  43  6:54  Overlord  
  43  6:56  Drone  
  43  6:59  Drone  
  45  7:02  Drone x2  
  45  7:04  Drone  
  48  7:11  Roach Warren  
  48  7:15  Overlord  
  47  7:20  Spine Crawler  
  46  7:23  Spine Crawler  
  46  7:28  Evolution Chamber  
  44  7:30  Spine Crawler  
  44  7:34  Spine Crawler  

Tags
 
Add a new tag
Caveats
  • Supply blocks, unpowered buildings, or Contaminate may cause inaccurate times.
  • Supply counts are checked every 10 seconds.